 Dungeon Crawl Stone Soup version 0.30-a0-782-ge64f9170bb (webtiles) character file.

Game seed: 6521463387541552412

147 theswoord the Insei (level 5, 0/37 HPs)
             Began as a Demonspawn Transmuter on Feb 22, 2023.
             Slain by a lemure (8 damage)
             ... led by Pikel
             ... on level 3 of the Dungeon.
             The game lasted 00:04:43 (2829 turns).

theswoord the Insei (Demonspawn Transmuter)         Turns: 2829, Time: 00:04:44

Health: 0/37       AC:  6    Str: 13    XL:     5   Next: 8%
Magic:  7/8        EV:  7    Int: 14    God:
Gold:   172        SH:  7    Dex: 13    Spells: 5/8 levels left

rFire   . . .      SeeInvis .      - Unarmed
rCold   . . .      Faith    .    t - +0 kite shield
rNeg    . . .      Spirit   .    j - +0 scale mail
rPois   .          Reflect  .    (helmet currently unavailable)
rElec   .          Harm     .    (no cloak)
rCorr   .          Rampage  .    (no gloves)
Will    .....                    (boots currently unavailable) Stlth
                                 (no amulet)
HPRegen 0.26/turn                c - ring of wizardry
MPRegen 0.11/turn                (no ring)

@: appendages
A: horns 2, talons 2, claws 1, demonic guardian 1, spiny 1
a: End Transformation


You were on level 3 of the Dungeon.
You had temporarily grown beastly horns and talons.
You visited 1 branch of the dungeon, and saw 4 of its levels.

You collected 172 gold pieces.

Inventory:

Armour
 a - a +0 robe
 i - a +0 pair of boots (melded)
 j - a +0 scale mail (worn)
 t - a +0 kite shield (worn)
Jewellery
 c - a ring of wizardry (left claw)
Wands
 r - a wand of iceblast (4)
Scrolls
 d - 2 scrolls of teleportation
 f - a scroll of blinking
 k - a scroll of immolation
 l - a scroll of fear
 m - a scroll of identify
 n - a scroll of enchant weapon
 o - a scroll of enchant armour {unknown}
 s - a scroll of acquirement {unknown}
Potions
 b - 2 potions of lignification
 e - a potion of degeneration
 g - a potion of cancellation {unknown}
 h - a potion of haste {unknown}
 p - a potion of curing {unknown}
 q - a potion of resistance {unknown}


   Skills:
 - Level 1.0 Fighting
 - Level 1.7 Dodging
 + Level 4.1 Unarmed Combat
 - Level 2.0 Spellcasting
 + Level 3.6 Transmutations


You had 5 spell levels left.
You knew the following spells:

 Your Spells              Type           Power      Damage    Failure   Level
a - Beastly Appendage     Tmut           22%        N/A       36%         1
b - Wereblood             Tmut           11%        N/A       50%         2

Your spell library contained the following spells:

 Spells                   Type           Power      Damage    Failure   Level
 Passwall                 Tmut/Erth      5%         N/A       75%         2
 Spider Form              Tmut/Pois      6%         N/A       91%         3
 Ensorcelled Hibernation  Hex/Ice        2%         N/A       92%         2
 Inner Flame              Hex/Fire       1%         N/A       99%         3
 Swiftness                Air            1%         N/A       99%         3
 Cause Fear               Hex            0%         N/A       100%        4
 Ice Form                 Ice/Tmut       6%         N/A       100%        4
 Discord                  Hex            0%         N/A       100%        8


Dungeon Overview and Level Annotations

Branches:
Dungeon (4/15)
 Temple: D:4-7

Altars:


Innate Abilities, Weirdness & Mutations

You have temporarily grown beastly horns and talons.
You have sharp fingernails.
A weak demonic guardian rushes to your aid.
You are partially covered in sharp spines.


Message History

Your shadow imp closely misses the gnoll.
The gnoll barely misses you.
The gnoll hits you from afar with a +0 spear.
* * * LOW HITPOINT WARNING * * *
Your shadow imp barely misses the gnoll.
Your transformation is almost over.
The gnoll hits you from afar with a +0 spear.
* * * LOW HITPOINT WARNING * * *
The gnoll closely misses you.
A lemure comes into view.
Your shadow imp gestures at the gnoll.
The gnoll writhes in agony.
The gnoll hits you from afar with a +0 spear.
* * * LOW HITPOINT WARNING * * *
You block the gnoll's attack.
A scorpion comes into view.
Your shadow imp hits the gnoll.
The gnoll hits you but does no damage.
The gnoll hits your shadow imp with a +0 spear.
Your shadow imp gestures at the gnoll.
The gnoll writhes in agony.
You block the gnoll's attack.
The gnoll hits your shadow imp with a +0 spear.
The lemure hits you.
* * * LOW HITPOINT WARNING * * *
Your shadow imp barely misses the gnoll.
You climb upwards.
Your summoned ally is left behind.
There is a stone staircase leading down, spattered with blood here.
You barely miss the lemure. Your kick misses the lemure.
The lemure is struck by your spines. The lemure hits you.
* * * LOW HITPOINT WARNING * * *
You extend your transformation's duration.
The lemure hits you.
* * * LOW HITPOINT WARNING * * *
A lemure is nearby!
You scratch the lemure. The lemure barely misses you.
You closely miss the lemure. The lemure hits you but does no damage.
You scratch the lemure. Your kick misses the lemure.
Your headbutt misses the lemure. The lemure hits you!
You die...

#####.########.##...
#.# #.##### #.# #.#
###.# ##'## #####...#
##...## #......##
##.....##
#.###..######.......##
#.#....÷.)...........#
#.#.)@5..............+
#.#.#.†.###..........#
#.#.##..# #.#.......##
#.#.##.># #.##.....##
#.#.##..###.###...##
#...........# ##'##
######......####.#####
#..###.#........# #..#
#.#.##.###.#


You could see a lemure.

Vanquished Creatures
  2 gnolls
  3 adders
  A worm (D:3)
  2 orcs (D:3)
  5 endoplasms
  4 giant cockroaches
  3 goblins
  7 hobgoblins
  4 jackals
  5 kobolds
  2 quokkas (D:3)
  6 ball pythons
  4 bats
  3 frilled lizards
  11 rats
62 creatures vanquished.

Vanquished Creatures (collateral kills)
  A hound (D:3)
1 creature vanquished.

Grand Total: 63 creatures vanquished

Notes
Turn   | Place    | Note
-------+----------+-------------------------------------------
     0 | D:1      | theswoord the Demonspawn Transmuter began the quest for the
                  | Orb.
     0 | D:1      | Reached XP level 1. HP: 15/15 MP: 3/3
   535 | D:1      | Reached skill level 3 in Unarmed Combat
   609 | D:1      | Gained mutation: You are partially covered in sharp spines.
                  | [demonic ancestry]
   609 | D:1      | Reached XP level 2. HP: 21/21 MP: 3/5
  1220 | D:2      | Gained mutation: A weak demonic guardian rushes to your
                  | aid. [demonic ancestry]
  1220 | D:2      | Reached XP level 3. HP: 21/26 MP: 2/6
  2084 | D:3      | Learned a level 2 spell: Wereblood
  2411 | D:3      | Gained mutation: You have sharp fingernails. [demonic
                  | ancestry]
  2411 | D:3      | Reached XP level 4. HP: 24/32 MP: 4/7
  2758 | D:3      | Reached skill level 4 in Unarmed Combat
  2759 | D:3      | Reached XP level 5. HP: 23/37 MP: 6/8
  2816 | D:4      | Noticed a lemure
  2820 | D:4      | Noticed a lemure
  2829 | D:3      | Slain by a lemure

Skill      XL: |  1  2  3  4 |
---------------+-------------+-----
Transmutations | 2 3 |  3.6
Unarmed Combat | 3 4 |  4.1
Fighting       | |  1.0
Dodging        | |  1.7
Spellcasting   | |  2.0

Action                     |  1- 3 |  4- 6 || total
---------------------------+-------+-------++-------
  Melee: Unarmed           |   105 |    22 ||   127
         Headbutt          |     9 |     1 ||    10
         Kick              |    17 |     4 ||    21
         Punch             |     2 |       ||     2
   Cast: Beastly Appendage |    32 |     4 ||    36
    Use: Scroll            |    10 |       ||    10
   Stab: Sleeping          |     1 |       ||     1
 Armour: Robe              |     8 |       ||     8
         Scale mail        |    28 |    13 ||    41
  Dodge: Dodged            |    68 |    15 ||    83
  Block: Kite shield       |       |    12 ||    12

Levels and vault maps discovered:
D:1:      dpeg_arrival_simpleton_a, layout_basic
D:2:      layout_rooms
D:3:      layout_loops_corners, tso_altar
D:4:      layout_rooms, uniq_pikel, uniq_sigmund
